 Dungeon Crawl Stone Soup version 0.22-a0-825-ga28c36f (webtiles) character file.

44 riteheju the Sneak (level 3, -3/28 HPs)
             Began as a Demonspawn Assassin on July 24, 2018.
             Slain by a worm (7 damage)
             ... on level 2 of the Dungeon.
             The game lasted 00:04:00 (2006 turns).

riteheju the Sneak (Demonspawn Assassin)            Turns: 2006, Time: 00:04:00

Health: -3/28      AC:  3    Str: 11    XL:     3   Next: 41%
Magic:  3/3        EV: 12    Int: 12    God:
Gold:   79         SH:  0    Dex: 17    Spells: 2/2 levels left

rFire    . . .     SeeInvis .   a - +2 dagger
rCold    . . .     Gourm    .   (no shield)
rNeg     . . .     Faith    .   c - +0 robe
rPois    .         Spirit   .   (no helmet)
rElec    .         Reflect  .   d - +0 cloak
rCorr    .         Harm     .   (no gloves)
MR       .....                  (no boots)
Stlth    ++++......             (no amulet)
HPRegen  0.09/turn              (no ring)
MPRegen  0.08/turn              (no ring)

@: no status effects
A: thin skeletal structure 1, nightstalker 1
a: no special abilities


You were on level 2 of the Dungeon.
You were not hungry.

You visited 1 branch of the dungeon, and saw 2 of its levels.

You collected 79 gold pieces.

Inventory:

Hand Weapons
 a - a +2 dagger (weapon)
 b - a +0 blowgun
Missiles
 e - 8 poisoned needles
 f - 2 curare-tipped needles
Armour
 c - a +0 robe (worn)
 d - a +0 cloak (worn)
 m - a +2 ring mail of fire resistance
Scrolls
 h - 2 scrolls of teleportation {unknown}
 j - 2 scrolls of remove curse {unknown}
 k - a scroll of identify {unknown}
 l - a scroll of enchant armour {unknown}
 o - a scroll of noise {unknown}
Potions
 i - a potion of haste {unknown}
 n - a potion of magic {unknown}
Comestibles
 g - 2 rations


   Skills:
 + Level 2.3 Fighting
 * Level 2.6 Short Blades
 + Level 2.0 Throwing
 + Level 0.9 Dodging
 * Level 4.0 Stealth


You had 2 spell levels left.
You didn't know any spells.
Your spell library was empty.

Dungeon Overview and Level Annotations

Branches:
Dungeon (2/15)

Altars:
Xom


Innate Abilities, Weirdness & Mutations

You have a somewhat thin skeletal structure. (Dex +2, Stealth)
You are slightly more attuned to the shadows.


Message History

You hit the worm.
The worm is heavily wounded.
The worm closely misses you.
You barely miss the worm.
The worm is heavily wounded.
You hit the worm.
The worm is almost dead.
The worm bites you but does no damage.
You hit the worm.
The worm is almost dead.
You barely miss the worm.
The worm is almost dead.
The worm bites you!
* * * LOW HITPOINT WARNING * * *
You hit the worm.
The worm is almost dead.
You hit the worm but do no damage.
The worm is almost dead.
The worm bites you!
You die...

#....# ### #....# ....
......# . #....#.....
......# ...#....#.....
......##...............
........$......w.#.....
.....#.........@).....
###..>...###....<#.....
......##........## ....
..#<............ ...
....##.#.##.#... .#
..####.#.#. #... .
........... ....
###.##.#.# #....
#........#


You could see a worm.

Vanquished Creatures
  A worm (D:2)
  2 ball pythons
  2 giant cockroaches
  3 goblins (D:1)
  6 hobgoblins
  8 jackals (D:1)
  9 kobolds
  A bat (D:1)
  A frilled lizard (D:1)
  3 rats (D:1)
36 creatures vanquished.

Notes
Turn   | Place    | Note
-------+----------+-------------------------------------------
     0 | D:1      | riteheju the Demonspawn Assassin began the quest for the Orb.
     0 | D:1      | Reached XP level 1. HP: 16/16 MP: 1/1
   258 | D:1      | Gained mutation: You are slightly more attuned to the shadows. [demonic ancestry]
   258 | D:1      | Reached XP level 2. HP: 10/22 MP: 2/2
  1109 | D:1      | Gained mutation: You have a somewhat thin skeletal structure. (Dex +2, Stealth) [demonic ancestry]
  1109 | D:1      | Reached XP level 3. HP: 27/28 MP: 3/3
  1124 | D:1      | Reached skill level 4 in Stealth
  1631 | D:2      | Found a shimmering altar of Xom.
  2006 | D:2      | Slain by a worm

Vault maps used:
D:1:      tarquinn_simple_flora_water_c, minmay_pentomino_q4
D:2:      lemuel_zombie_altar_yredelemnul, lemuel_coloured_pillars_altar,
          minmay_split_cup_small

Skill      XL: |  1  2  3 |
---------------+----------+-----
Throwing       | 2 |  2.0
Short Blades   | 2 |  2.6
Stealth        | 4 |  4.0
Fighting       | |  2.3
Dodging        | |  0.9

Action                   || total
-------------------------++-------
Melee: Dagger            ||   161
 Stab: Sleeping          ||     9
  Eat: Chunk             ||     2
       Ration            ||     1
Armor: Robe              ||    41
Dodge: Dodged            ||    91

Table legend:
 A = Spawn XP
 B = Non-spawn XP
 C = Spawn XP percentage of total XP
 D = Spawn monster count
 E = Non-spawn monster count
 F = Spawn count percentage of total count
 G = Total turns spent on level
                    A         B        C        D         E        F      G
               +---------+---------+-------+---------+---------+-------+---------
         Total |       0 |      64 |   0.0 |       0 |      36 |   0.0 |  2006
               +---------+---------+-------+---------+---------+-------+---------
           D:1 |       0 |      52 |   0.0 |       0 |      31 |   0.0 |  1791
           D:2 |       0 |      12 |   0.0 |       0 |       5 |   0.0 |   215
               +---------+---------+-------+---------+---------+-------+---------
